 Dungeon Crawl Stone Soup version 0.30.1-9-gdf580d7c3d (webtiles) character file.

Game seed: 5483002757392954189

72669 monsoonserge the Spry (level 15, -9/131 HPs)
             Began as a Merfolk Monk on Oct 22, 2023.
             Was an Initiate of Gozag.
             Killed by the air
             ... invoked by a wind drake
              (21 damage)
             ... on level 2 of the Shoals.
             The game lasted 01:35:45 (22699 turns).

monsoonserge the Spry (Merfolk Monk)               Turns: 22699, Time: 01:35:46

Health: -9/131     AC:  9    Str: 16    XL:     15   Next: 40%
Magic:  15/15      EV: 40    Int: 19    God:    Gozag
Gold:   3790       SH: 13    Dex: 32    Spells: 14/14 levels left

rFire   + + .        a - +8 scimitar of the Sugar Beet {chaos, rElec rF- rN+ Int+5}
rCold   . . .        d - +0 kite shield
rNeg    + . .        I - +2 robe "Seosikh" {Drain rF++ Int+3}
rPois   .            J - +1 helmet {SInv}
rElec   +            X - +2 cloak {rCorr}
rCorr   +            (no gloves)
SInv    +            F - melded +0 pair of boots
Will    +....        W - amulet of Feiwnin {-Cast Regen+ Str+5 Dex+3}
Stlth   ++++         x - +6 ring of dexterity
HPRegen 1.21/turn    Q - ring of Light {+Blink rF+ rCorr}
MPRegen 0.14/turn

%: no spellcasting
@: very quick
A: nimble swimmer 2, mertail
a: Renounce Religion, Evoke Blink, Potion Petition, Call Merchant, Bribe Branch


You were on level 2 of the Shoals.
You worshipped Gozag.
Gozag was most pleased with you.
You visited 6 branches of the dungeon, and saw 24 of its levels.
You also visited: Volcano.

You collected 6748 gold pieces.
You spent 1561 gold pieces at shops.
You paid 1397 gold pieces to Gozag.

Inventory:

Hand Weapons
 a - the +8 scimitar of the Sugar Beet (weapon) {chaos, rElec rF- rN+ Int+5}
   (You bought it in a shop on level 10 of the Dungeon)

   Int:       It affects your intelligence (+5).
   rF:        It makes you vulnerable to fire.
   rElec:     It insulates you from electricity.
   rN:        It protects you from negative energy.
 b - the +6 sling of Optel {drain, *Slow rPois Str+3 Dex+3}
   (You found it on level 5 of the Lair of Beasts)

   Str:       It affects your strength (+3).
   Dex:       It affects your dexterity (+3).
   rPois:     It protects you from poison.
   *Slow:     It may slow you when you take damage.
Missiles
 f - 25 boomerangs
 q - 6 javelins
 y - 16 poisoned darts (quivered)
 K - 4 throwing nets
 M - 2 silver boomerangs
 S - 2 boomerangs of dispersal
 U - 4 curare-tipped darts
Armour
 d - a +0 kite shield (worn)
 F - a +0 pair of boots (melded)
 G - a +3 leather armour of fire resistance
 I - the +2 robe "Seosikh" (worn) {Drain rF++ Int+3}
   (You found it on level 5 of the Dungeon)

   Int:       It affects your intelligence (+3).
   rF:        It greatly protects you from fire.
   Drain:     It drains your maximum health when unequipped.
 J - a +1 helmet of see invisible (worn)
 X - a +2 cloak of preservation (worn)
Jewellery
 e - a ring of see invisible
 x - a +6 ring of dexterity (left hand)
 B - a ring of positive energy
 D - a ring of protection from cold
 N - a ring of flight
 Q - the ring of Light (right hand) {+Blink rF+ rCorr}
   (You found it on level 6 of the Dungeon)

   [ring of resist corrosion]

   rF:        It protects you from fire.
   +Blink:    It lets you blink.
   rCorr:     It protects you from acid and corrosion.
 W - the amulet of Feiwnin (around neck) {-Cast Regen+ Str+5 Dex+3}
   (You found it on level 10 of the Dungeon)

   [amulet of regeneration]

   Str:       It affects your strength (+5).
   Dex:       It affects your dexterity (+3).
   -Cast:     It prevents spellcasting.
   Regen:     It increases your rate of health regeneration.
Wands
 m - a wand of polymorph (15)
 r - a wand of acid (1)
 L - a wand of flame (6)
 O - a wand of charming (2)
Scrolls
 g - 6 scrolls of fear
 i - a scroll of butterflies
 k - a scroll of identify
 o - 4 scrolls of poison
 p - 3 scrolls of magic mapping
 s - 8 scrolls of teleportation
 t - 6 scrolls of enchant armour
 w - 2 scrolls of enchant weapon
 E - a scroll of immolation
 P - 5 scrolls of blinking
 T - 3 scrolls of vulnerability
 Y - 2 scrolls of amnesia
 Z - a scroll of fog
Potions
 c - a potion of ambrosia
 h - 3 potions of berserk rage
 j - 5 potions of cancellation
 l - 6 potions of might
 n - 8 potions of haste
 u - a potion of magic
 v - 3 potions of mutation
 z - 5 potions of attraction
 A - 10 potions of curing
 C - 13 potions of heal wounds
 H - 12 potions of lignification
 R - 5 potions of flight
 V - a potion of brilliance


   Skills:
 + Level 16.0 Fighting
 - Level 11.7(13.8) Short Blades
 - Level 12.0(14.0) Long Blades
 + Level 4.5 Ranged Weapons
 + Level 6.3 Throwing
 - Level 2.8 Armour
 + Level 17.9 Dodging
 - Level 1.0 Stealth
 * Level 4.2 Shields
 * Level 7.0 Evocations


You had 14 spell levels left.
You didn't know any spells.
Your spell library contained the following spells:

 Spells                   Type           Power      Damage    Failure   Level
 Cigotuvi's Dreadful Rot  Necr/Pois/Air  0%         N/A       65%         2
 Static Discharge         Conj/Air       0%         2-2/arc   65%         2
 Sublimation of Blood     Necr           0%         N/A       65%         2
 Dazzling Flash           Conj/Hex       0%         N/A       86%         3
 Ozocubu's Armour         Ice            0%         N/A       86%         3
 Airstrike                Air            0%         2d(0-16)  99%         4
 Dispel Undead            Necr           0%         3d6       99%         4
 Petrify                  Tmut/Erth      0%         N/A       99%         4
 Summon Lightning Spire   Summ/Air       0%         N/A       99%         4
 Agony                    Necr           0%         N/A       100%        5
 Irradiate                Conj/Tmut      0%         3d11      100%        5
 Metabolic Englaciation   Hex/Ice        0%         N/A       100%        5
 Silence                  Hex/Air        0%         N/A       100%        5
 Death Channel            Necr           0%         N/A       100%        6
 Statue Form              Tmut/Erth      0%         N/A       100%        6
 Ozocubu's Refrigeration  Ice            0%         4d7       100%        7


Dungeon Overview and Level Annotations

Branches:
Dungeon (13/15)            Temple (1/1) D:5            Lair (5/5) D:10
 Shoals (2/4) Lair:2        Snake (1/4) Lair:2        Slime (0/5) Lair:4
    Orc (2/2) D:11            Elf (0/3) Orc:2       Volcano (visited)
 Vaults: D:13-14

Altars:
Ashenzari
Cheibriados
Dithmenos
Elyvilon
Fedhas
Gozag
Hepliaklqana
Kikubaaqudgha
Makhleb
Nemelex Xobeh
Okawaru
Qazlal
Ru
Sif Muna
Trog
Uskayaw
Vehumet
Wu Jian
Xom
Yredelemnul
Zin
The Shining One
Jiyva

Shops:
D:2 [   D:3 :   D:7 *   D:9 (   D:10 **   D:11 !   Orc:2 (**:

Annotations:
Shoals:2 1 runed translucent door, Xoroc's ghost, adept HuFi


Innate Abilities, Weirdness & Mutations

You are very nimble when in or above water. (Stealth+, EV+, Speed+++)
Your lower body shifts to a powerful aquatic tail in water.


Message History

Your faun is knocked back by the gust of wind.
Your faun violently stops moving!
Your faun dies!
You hear a splash. x2
You are knocked back by the gust of wind.
Floosh!
The snapping turtle is distracted by your dazzling golden aura.
Things that are here:
9 gold pieces; a +0 sling; a +0 club The wind drake flaps its wings at you.
The air twists around and strikes you!
You hit the wind drake. You tail-slap the wind drake.
The wind drake is severely wounded.
The wind drake misses you.
You hit the wind drake but do no damage.
You tail-slap the wind drake.
The wind drake is severely wounded.
The wind drake exhales a fierce blast of wind!
You are knocked back by the gust of wind.
Floosh!
The snapping turtle is no longer distracted by gold.
The wind drake flaps its wings at you. The air twists around and strikes you!
* * * LOW HITPOINT WARNING * * *
Things that are here:
9 gold pieces; a +0 sling; a +0 club You barely miss the wind drake.
Your tail-slap misses the wind drake.
The wind drake is severely wounded.
The wind drake flaps its wings at you. The air twists around and strikes you!!
* * * LOW HITPOINT WARNING * * *
You block the snapping turtle's attack.
Unknown command.
You barely miss the wind drake.
You tail-slap the wind drake, but do no damage.
The wind drake is severely wounded.
The wind drake flaps its wings at you. The air twists around and strikes you!!
You die...
Your body crumbles into a pile of gold.

...~P~PP≈≈≈≈≈≈≈≈≈≈
P..PPPPP≈≈≈≈≈≈≈≈≈≈≈≈
....PPP~≈≈≈≈≈≈≈≈≈≈≈≈ .
#...P.~≈≈≈≈≈≈≈≈≈≈≈≈
.~~.##...P.~P~~≈≈≈≈≈≈≈≈≈
~~~~~~..PP~..P~P~~≈≈≈≈≈≈≈≈
~~~~~~~..........~≈≈≈≈≈≈≈~
~~~~~~~.........~~≈≈≈≈≈≈≈~
.~~.~~~......$tk@≈≈≈≈≈≈≈~~
....~~~~~~...$.~~≈≈≈≈≈≈≈~.
....~~~~~.!..~..~~≈≈~~~~~~
#....~≈~~....~...~~~~~~~~~
#...~~≈~~~~~.(...~~~~~~~..
..~~~~~~~~........~~~~~...
..~~~~~~..................
..~~~~~~........#.........
~~~~~~~~~...###..........


You could see a snapping turtle and a wind drake (repels missiles).

Vanquished Creatures
  A red draconian (Volcano)
  Snorg (D:10)
  A merfolk impaler (Shoals:2)
  2 hydras
  A catoblepas (Lair:4)
  A centaur warrior (D:13)
  2 anacondas (Lair:2)
  A merfolk avatar (Shoals:2)
  An ogre mage (Orc:2)
  7 two-headed ogres
  3 boulder beetles
  3 tengu warriors (D:12)
  3 death yaks (Lair:4)
  An orc high priest (Orc:2)
  Sonja (D:10)
  2 skysharks
  A salamander mystic (Volcano)
  2 sea snakes (Shoals:1)
  2 goliath frogs
  Lodul (D:13)
  3 orc knights (Orc:2)
  A deep elf pyromancer (D:13)
  An ugly thing (D:13)
  2 manticores
  6 fauns (Shoals:1)
  3 salamanders (Volcano)
  3 cyclopes
  6 elephants
  4 merfolk sirens
  Maurice (D:10)
  A water nymph (Shoals:2)
  10 black mambas
  13 cane toads
  An unseen horror (D:10)
  4 rime drakes
  A cane toad (shapeshifter) (Lair:5)
  5 komodo dragons
  A kobold demonologist (D:10)
  A troll (shapeshifter) (Lair:4)
  2 tyrant leeches
  2 merfolk (Shoals:1)
  2 polar bears
  7 trolls
  A wind drake (Shoals:2)
  24 blink frogs
  5 slime creatures (D:12)
  2 shadows
  3 wyverns
  27 yaks
  A yak (shapeshifter) (D:11)
  2 basilisks
  A steam dragon (D:9)
  7 vampire mosquitoes
  3 wargs (Orc:2)
  17 water moccasins
  3 acid dragons
  32 orc warriors
  An ice beast (D:6)
  A sky beast (D:7)
  15 wolves
  16 ogres
  19 centaurs
  A phantom (Temple)
  2 kobold brigands
  19 bullfrogs
  2 gnoll sergeants
  A scorpion (D:6)
  17 wights
  10 killer bees
  An electric eel (Lair:5)
  2 howler monkeys
  4 hounds (D:6)
  21 orc priests
  A gnoll bouda (D:5)
  A jelly (D:7)
  A sleepcap (D:7)
  2 iguanas
  20 orc wizards
  18 gnolls
  10 adders
  A shadow imp (D:7)
  4 worms
  5 dart slugs
  94 orcs
  5 ball pythons
  5 endoplasms
  6 giant cockroaches
  3 hobgoblins
  24 kobolds
  3 quokkas
  12 bats
  3 frilled lizards
  15 goblins
  5 rats
  A spectral orc (D:3)
616 creatures vanquished.

Vanquished Creatures (collateral kills)
  A death yak (Lair:4)
  2 yaks (Lair:4)
3 creatures vanquished.

Vanquished Creatures (others)
  A faun (Shoals:2)
1 creature vanquished.

Grand Total: 620 creatures vanquished

Notes
Turn   | Place    | Note
-------+----------+-------------------------------------------
     0 | D:1      | monsoonserge the Merfolk Monk began the quest for the Orb.
     0 | D:1      | Reached XP level 1. HP: 18/18 MP: 1/1
   118 | D:1      | Reached XP level 2. HP: 24/24 MP: 2/2
   172 | D:1      | Reached XP level 3. HP: 6/30 MP: 3/3
   969 | D:2      | Reached XP level 4. HP: 37/37 MP: 4/4
   994 | D:2      | Reached skill level 1 in Short Blades
   994 | D:2      | Reached skill level 1 in Armour
  1002 | D:2      | Found Qalas's Armour Shoppe.
  1040 | D:2      | Reached skill level 5 in Dodging
  1218 | D:2      | You fall into a shaft and drop 1 floor!
  1220 | D:3      | Found Wyix's Book Boutique.
  1659 | D:3      | Reached XP level 5. HP: 20/42 MP: 5/5
  1796 | D:3      | Found a basalt altar of Yredelemnul.
  1840 | D:3      | Found an ancient bone altar of Kikubaaqudgha.
  1863 | D:3      | Found a burning altar of Makhleb.
  2129 | D:4      | Reached XP level 6. HP: 45/48 MP: 6/6
  2319 | D:4      | Found a glowing golden altar of the Shining One.
  3015 | D:5      | Entered Level 5 of the Dungeon
  3037 | D:4      | Reached XP level 7. HP: 55/55 MP: 7/7
  3063 | D:5      | Found a staircase to the Ecumenical Temple.
  3073 | Temple   | Entered the Ecumenical Temple
  3185 | Temple   | Became a worshipper of Gozag Ym Sagoz the Greedy
  3268 | Temple   | Reached skill level 5 in Short Blades
  3780 | D:5      | Found a hide-covered altar of Uskayaw.
  3870 | D:5      | Identified the +2 robe "Seosikh" {Drain rF++ Int+3}
  4335 | D:6      | Reached skill level 5 in Fighting
  4342 | D:6      | Reached skill level 6 in Dodging
  4347 | D:6      | Reached XP level 8. HP: 32/62 MP: 8/8
  4573 | D:6      | Found a bloodstained altar of Trog.
  4589 | D:6      | Reached skill level 1 in Stealth
  4846 | D:6      | Found a radiant altar of Vehumet.
  4962 | D:6      | Reached skill level 7 in Dodging
  5201 | D:6      | Identified the ring of Light {+Blink rF+ rCorr}
  5674 | D:6      | Reached skill level 1 in Evocations
  5674 | D:6      | Reached XP level 9. HP: 61/69 MP: 9/9
  6080 | D:7      | Identified the +1 ring mail "Acurphom" {Fly}
  6294 | D:7      | Found Yciythro's General Store.
  6311 | D:7      | Bought a potion of might for 52 gold pieces
  6311 | D:7      | Bought a potion of heal wounds for 65 gold pieces
  6318 | D:7      | Found a sacrificial altar of Ru.
  6472 | D:7      | Reached skill level 5 in Long Blades
  6560 | D:7      | Reached skill level 8 in Dodging
  7543 | D:8      | Noticed a hornet
  7547 | D:8      | Paralysed by a hornet for 3 turns
  7555 | D:8      | a hornet changed into a rime drake
  7555 | D:8      | Noticed a rime drake
  7566 | D:8      | Killed a rime drake
  7567 | D:8      | Reached XP level 10. HP: 35/79 MP: 10/10
  8045 | D:8      | Found an ornate altar of the Wu Jian Council.
  8640 | D:9      | Reached skill level 5 in Evocations
  8714 | D:9      | Reached skill level 1 in Throwing
  8885 | D:9      | Reached skill level 9 in Dodging
  8948 | D:9      | Noticed a two-headed ogre
  8973 | D:9      | Killed a two-headed ogre
  9221 | D:9      | Found Nuag's Weapon Shoppe.
  9295 | D:9      | Noticed a two-headed ogre
  9410 | D:10     | Entered Level 10 of the Dungeon
  9475 | D:10     | Noticed a kobold demonologist
  9485 | D:10     | Killed a kobold demonologist
  9709 | D:10     | Noticed Maurice
  9837 | D:10     | Reached skill level 10 in Long Blades
  9837 | D:10     | Reached XP level 11. HP: 62/86 MP: 11/11
  9853 | D:10     | Identified the amulet of Feiwnin {-Cast Regen+ Str+5 Dex+3}
  9964 | D:10     | Reached skill level 10 in Dodging
  9968 | D:10     | Noticed Snorg
  9992 | D:11     | Found Pighuw's Distillery.
 10005 | D:11     | Bought a potion of berserk rage for 70 gold pieces
 10005 | D:11     | Bought a potion of degeneration for 14 gold pieces
 10114 | D:11     | Noticed a two-headed ogre
 10145 | D:11     | Killed a two-headed ogre
 10166 | D:11     | Found a staircase to the Orcish Mines.
 10382 | D:11     | Noticed a boulder beetle
 10409 | D:11     | Killed a boulder beetle
 10464 | D:11     | Noticed a cyclops
 10641 | D:11     | Found an ancient bone altar of Kikubaaqudgha.
 11004 | D:12     | Noticed a two-headed ogre
 11015 | D:12     | Killed a two-headed ogre
 11140 | D:10     | Reached skill level 10 in Short Blades
 11140 | D:10     | Reached skill level 11 in Dodging
 11144 | D:10     | Found a hazy altar of Hepliaklqana.
 11207 | D:10     | Found a staircase to the Lair.
 11512 | D:9      | Killed a two-headed ogre
 11774 | D:10     | Bought the +8 scimitar of the Sugar Beet {chaos, rElec rF-
                  | rN+ Int+5} for 1033 gold pieces
 11786 | Lair:1   | Entered Level 1 of the Lair of Beasts
 11798 | Lair:1   | Noticed Sonja
 11826 | D:10     | Killed Sonja
 12186 | Lair:1   | Reached XP level 12. HP: 97/97 MP: 12/12
 12462 | Lair:2   | Reached skill level 10 in Fighting
 12682 | Lair:2   | Reached skill level 12 in Dodging
 12855 | Lair:2   | Found a staircase to the Shoals.
 13075 | Lair:2   | Reached skill level 13 in Dodging
 13245 | Lair:2   | Noticed a boulder beetle
 13260 | Lair:2   | Killed a boulder beetle
 13261 | Lair:2   | Reached skill level 5 in Throwing
 13362 | Lair:2   | Found a staircase to the Snake Pit.
 13623 | Snake:1  | Entered Level 1 of the Snake Pit
 13623 | Snake:1  | Noticed an anaconda
 13623 | Snake:1  | Noticed an anaconda
 13623 | Snake:1  | Noticed a shock serpent
 13731 | Lair:3   | Reached skill level 14 in Dodging
 13736 | Lair:3   | Reached XP level 13. HP: 108/108 MP: 13/13
 14673 | Lair:4   | Identified the +3 quarterstaff of Lutumay {flame, *Slow
                  | Str+4 Int+2}
 15245 | Lair:4   | Found a viscous altar of Jiyva.
 15248 | Lair:4   | Found a staircase to the Slime Pits.
 15359 | Lair:5   | Entered Level 5 of the Lair of Beasts
 15545 | Lair:4   | Reached skill level 15 in Dodging
 15858 | Lair:5   | Reached skill level 16 in Dodging
 15962 | Lair:5   | Found a dark tunnel.
 15981 | Volcano  | Entered a volcano
 16023 | Volcano  | Reached XP level 14. HP: 120/120 MP: 14/14
 16075 | Volcano  | Noticed a red draconian
 16086 | Volcano  | Killed a red draconian
 16461 | Lair:5   | Identified the +6 sling of Optel {drain, *Slow rPois Str+3
                  | Dex+3}
 17138 | D:10     | Bought a runed cloak for 300 gold pieces
 17198 | D:10     | Killed Snorg
 17465 | D:10     | Killed Maurice
 17512 | D:10     | Reached skill level 15 in Fighting
 18046 | D:12     | Reached skill level 17 in Dodging
 18224 | Orc:1    | Entered Level 1 of the Orcish Mines
 18489 | Orc:2    | Entered Level 2 of the Orcish Mines
 19396 | Orc:2    | Found a staircase to the Elven Halls.
 19700 | Orc:2    | Found Raem's Assorted Antiques.
 19700 | Orc:2    | Found Ilakh's Assorted Antiques.
 19700 | Orc:2    | Found Luiss's Book Boutique.
 19722 | Orc:2    | Reached skill level 1 in Ranged Weapons
 19762 | Orc:2    | Found Vesep's Antique Weapon Shoppe.
 19821 | Orc:2    | Bought a scroll labelled XUCIL SANA for 27 gold pieces
 19990 | Orc:2    | Found a burning altar of Makhleb.
 19998 | Orc:2    | Identified the +1 whip "Uhurok" {freeze, Dex+2}
 20406 | D:13     | Noticed Lodul
 20441 | D:13     | Killed Lodul
 20476 | D:13     | Identified the +6 battleaxe "Esaurip" {protect, *Corrode
                  | rElec rPois Str-3}
 20582 | D:12     | Reached XP level 15. HP: 65/129 MP: 15/15
 20915 | D:13     | Identified the +2 spear "Zururadd" {holy, rF+ SInv}
 21054 | Lair:2   | Reached skill level 1 in Shields
 21574 | Shoals:1 | Entered Level 1 of the Shoals
 22671 | Shoals:2 | Found a runed translucent door.
 22671 | Shoals:2 | Found a shimmering altar of Xom.
 22671 | Shoals:2 | Noticed Xoroc's ghost (adept HuFi)
 22699 | Shoals:2 | Killed from afar by a wind drake

Illustrated notes

Levels and vault maps discovered:
D:1:      pf_arrival_petrified_forest, layout_basic, bh_walls_and_bars
D:2:      layout_rooms, serial_shops, nicolae_shop_real_fake_doors
D:3:      layout_basic, yredelemnul_forgotten_temple_becter,
          grunt_temple_overflow_open, serial_shops, shop
D:4:      layout_basic, tso_metal_star
D:5:      layout_loops_cross, mainiacjoe_overflow_surrounded_room,
          minmay_temple_entry_slanted
D:6:      layout_loops_corners, nicolae_vehumet_altar_sigil,
          mainiacjoe_overflow_boulevard
D:7:      layout_loops_ring, nicolae_ru_sacrificial_ziggurat, serial_shops, shop
D:8:      hellmonk_destroyed_diamonds, layout_loops_ring,
          nicolae_wu_jian_immortal_techniques
D:9:      layout_layer_cave, serial_shops, nicolae_shop_pleasant_corner_grove,
          amcnicky_mini_corridor_feature
D:10:     layout_loops_ring, marbit_many_paths, lair_entry_dummy,
          kennysheep_generic_room_15, uniq_snorg, uniq_maurice
D:11:     wander_river, layout_gridville, david_orc_3, serial_shops, shop,
          chequers_mini_garden, kiku_gazebo_pond_becter
D:12:     layout_cave_pools
D:13:     layout_cave_pods, special_room [special_room_bee],
          hangedman_decor_points, uniq_lodul
Temple:   nicolae_temple_godzebo
Lair:1:   layout_chaotic_city, uniq_sonja
Lair:2:   layout_regular_city, minmay_shoals_entry_lonely_mermaid,
          minmay_snake_entry_six_corridors, infiniplex_staircase_pool
Lair:3:   layout_cave_pods
Lair:4:   layout_cellular_growth, dpeg_slime_entry_corner
Lair:5:   minmay_lair_end_frog_pond, layout_small_grid,
          nicolae_volcano_entry_hallway
Shoals:1: layout_shoals, nicolae_shoals_lost_giant_pillars
Shoals:2: layout_shoals, ebering_ghost_xom
Snake:1:  nicolae_snake_crotalidae_crossing, layout_grid_shapes,
          grunt_ministairs_9
Orc:1:    layout_caves, minmay_orc_temple_a
Orc:2:    st_orc_rangers, layout_diamond_mine, basic_altar, bloody_makhleb

Skill      XL: |  1  2  3  4  5  6  7  8  9 10 11 12 13 14 15 |
---------------+----------------------------------------------+-----
Long Blades    | 4 7 10 12 | 12.0
Short Blades   | 2 3 4 6 8 9 11 | 11.7
Armour         | 1 2 |  2.8
Dodging        | 5 6 7 8 9 11 14 16 17 | 17.9
Fighting       | 4 5 6 7 8 9 12 14 15 16 | 16.0
Stealth        | 1 |  1.0
Evocations     | 1 4 5 6 7 |  7.0
Throwing       | 2 4 5 6 |  6.3
Ranged Weapons | 2 4 |  4.5
Shields        | 4 |  4.2

Action                     |  1- 3 |  4- 6 |  7- 9 | 10-12 | 13-15 || total
---------------------------+-------+-------+-------+-------+-------++-------
  Melee: Falchion          |    41 |       |   131 |   171 |       ||   343
         Short sword       |    40 |   219 |   242 |       |       ||   501
         Rapier            |       |       |       |   166 |       ||   166
         Scimitar          |       |       |       |   221 |   736 ||   957
         Tailslap          |       |       |       |    15 |    30 ||    45
   Fire: Sling             |       |       |       |       |   161 ||   161
  Throw: Dart              |       |       |     3 |    35 |     6 ||    44
         Boomerang         |       |       |     2 |    20 |     7 ||    29
         Javelin           |       |       |       |     2 |     1 ||     3
         Throwing net      |       |       |       |       |     1 ||     1
 Invoke: Call Merchant     |       |       |       |     1 |     1 ||     2
Ability: Evoke Blink       |       |       |     3 |     5 |     7 ||    15
  Evoke: Wand              |       |       |     3 |       |    12 ||    15
    Use: Potion            |     1 |       |     2 |       |     2 ||     5
         Scroll            |       |       |     9 |     7 |     8 ||    24
   Stab: Distracted        |       |       |     1 |     5 |     8 ||    14
         Sleeping          |       |       |     1 |     1 |     2 ||     4
         Paralysed         |       |       |       |     2 |     1 ||     3
         Confused          |       |       |       |       |     3 ||     3
         Betrayed ally     |       |       |       |       |     1 ||     1
 Armour: Robe              |     9 |       |    49 |    67 |    91 ||   216
         Scale mail        |     9 |    91 |    29 |       |       ||   129
         Leather armour    |     4 |       |       |       |       ||     4
  Dodge: Dodged            |    49 |   100 |   223 |   537 |  1229 ||  2138
  Block: Kite shield       |       |       |       |       |   155 ||   155
